 Dungeon Crawl Stone Soup version 0.18-a0-1396-g8753ca6 (webtiles) character file.

30 PierrePorte the Grasshopper (level 3, 0/29 HPs)
             Began as a Centaur Warper on Feb 23, 2016.
             Slain by Robin
             ... wielding a +0 spear
              (6 damage)
             ... on level 2 of the Dungeon.
             The game lasted 00:09:08 (848 turns).

PierrePorte the Grasshopper (Centaur Warper)         Turns: 848, Time: 00:09:08

Health: 0/29       AC:  4    Str: 13    XL:     3   Next: 3%
Magic:  5/5        EV:  4    Int: 13    God:
Gold:   84         SH:  0    Dex:  8    Spells: 2 memorised, 2 levels left

rFire  . . .     SeeInvis .     a - +0 spear
rCold  . . .     Gourm    .     b - +0 leather armour
rNeg   . . .     Faith    .     (no shield)
rPois  .         Spirit   .     (no helmet)
rElec  .         Dismiss  .     (no cloak)
rCorr  .         Reflect  .     (no gloves)
SustAt .         Harm     .     (no barding)
MR     .....                    (no amulet)
Stlth  ..........               (no ring)
                                (no ring)

@: very quick, not resistant to hostile enchantments, extremely unstealthy
A: hooves 3, deformed body, speed 2, tough skin 3
a: no special abilities


You were on level 2 of the Dungeon.
You were not hungry.

You visited 1 branch of the dungeon, and saw 2 of its levels.

You collected 84 gold pieces.

Inventory:

Hand Weapons
 a - a +0 spear (weapon)
Missiles
 e - 5 tomahawks of dispersal (quivered)
 g - 51 stones
Armour
 b - a +0 leather armour (worn)
Scrolls
 d - a scroll of blinking
 k - a scroll of enchant weapon {unknown}
Potions
 h - a potion of haste {unknown}
 i - a potion of magic {unknown}
 l - a potion of might {unknown}
 m - a potion of heal wounds {unknown}
Books
 c - a book of Spatial Translocations

   Spells                             Type                      Level
   a - Apportation                    Translocation                1
   b - Blink                          Translocation                2
   c - Shroud of Golubria             Charms/Translocation         2
   d - Portal Projectile              Translocation                3
   e - Teleport Other                 Translocation                3
   f - Passage of Golubria            Translocation                4
Comestibles
 f - 2 bread rations


   Skills:
 - Level 2.0 Fighting
 + Level 2.7 Polearms
 - Level 1.1 Throwing
 - Level 0.6 Armour
 - Level 1.3 Dodging
 + Level 1.6 Spellcasting
 * Level 3.1 Translocations


You had 2 spell levels left.
You knew the following spells:

 Your Spells              Type           Power        Failure   Level  Hunger
a - Apportation           Tloc           #.........   12%         1    ##.....
b - Blink                 Tloc           N/A          14%         2    ###....


Dungeon Overview and Level Annotations

Branches:
Dungeon (2/15)

Altars:

Annotations:
D:2 Robin


Innate Abilities, Weirdness & Mutations

You have hooves in place of feet.
Armour fits poorly on your strangely shaped body.
You cover ground very quickly.
You have extremely tough skin (AC +3).


Message History

Aim: Robin, wielding a spear, wearing an animal skin and wearing a helmet (moderately wounded)
You reach to attack!
You closely miss Robin.
Robin is moderately wounded.
Robin says, "Duck!"
Robin hits you from afar with a spear.
Attack whom?
Press: ? - help, Dir - move target cursor, f/p - Robin
Aim: Robin, wielding a spear, wearing an animal skin and wearing a helmet (moderately wounded)
You reach to attack!
You hit Robin.
Robin is moderately wounded.
Robin closely misses you.
Attack whom?
Press: ? - help, Dir - move target cursor, f/p - Robin
Aim: Robin, wielding a spear, wearing an animal skin and wearing a helmet (moderately wounded)
You reach to attack!
You barely miss Robin.
Robin is moderately wounded.
Robin hits you from afar with a spear.
* * * LOW HITPOINT WARNING * * *
Robin hits you from afar with a spear.
You die...

##.......#.....##
######..##...##
#..# #### #..#
##'.# ##...##
##...(.## .
##.......##
g...####@........#
g.....g))........+
.♣♣.♣♣##.........#
##.......##
##.....## ##...##
##+.# ..# ....


You could see Robin.

Vanquished Creatures
  A giant cockroach (D:1)
  14 goblins
  4 hobgoblins
  A bat (D:1)
  2 giant newts (D:1)
  3 rats (D:1)
25 creatures vanquished.

Notes
Turn   | Place    | Note
--------------------------------------------------------------
     0 | D:1      | PierrePorte the Centaur Warper began the quest for the Orb.
     0 | D:1      | Reached XP level 1. HP: 17/17 MP: 3/3
   449 | D:1      | Reached XP level 2. HP: 24/24 MP: 4/4
   662 | D:1      | Learned a level 2 spell: Blink
   709 | D:2      | Noticed Robin
   744 | D:1      | Reached skill level 3 in Translocations
   831 | D:2      | Reached XP level 3. HP: 24/29 MP: 5/5
   848 | D:2      | Slain by Robin

Vault maps used:
D:1:      minmay_arrival_wavy_path
D:2:      serial_forest, infiniplex_forest_clump_curved,
          infiniplex_forest_zigzag_2, infiniplex_forest_end_2,
          infiniplex_forest_clump_cross, infiniplex_forest_lined_1,
          infiniplex_forest_end_double, infiniplex_forest_corner_2,
          infiniplex_forest_clump_small, infiniplex_forest_straight_4,
          infiniplex_forest_split, kennysheep_generic_room_8, uniq_robin

Skill      XL: |  1  2 |
---------------+-------+-----
Polearms       | 2 |  2.7
Translocations | 3 |  3.1
Fighting       | |  2.0
Throwing       | |  1.1
Armour         | |  0.6
Dodging        | |  1.3
Spellcasting   | |  1.6

Action                   || total
-------------------------++-------
Melee: Spear             ||   105
 Cast: Blink             ||     1
